 Dungeon Sprint DCSS version 0.31-a0-986-g5e6e4ef867 (webtiles) character file.

Game seed: 7439372648121168746

54 rocky1 the Spear-Bearer (level 6, -2/42 HPs)
             Began as a Gargoyle Gladiator on Nov 24, 2023.
             Constricted to death by a naga (5 damage)
             ... in the Dungeon (Sprint VI: "Thunderdome").
             The game lasted 00:02:32 (350 turns).

rocky1 the Spear-Bearer (Gargoyle Gladiator)         Turns: 350, Time: 00:02:33

Health: -2/42      AC:  8    Str: 22    XL:     6   Next: 58%
Magic:  6/6        EV: 12    Int: 15    God:
Gold:   145        SH:  0    Dex: 16    Spells: 5/5 levels left

rFire   + . .        a - +0 trident
rCold   . . .        (no shield)
rNeg    + . .        b - +0 leather armour
rPois   ∞            c - +0 helmet
rElec   +            (no cloak)
rCorr   +            (no gloves)
SInv    .            (no boots)
Will    +....        q - amulet "Zad Qen" {RegenMP rCorr Dex+3}
Stlth   +++          r - ring of the Skies Above {rF+ Will+ Int+6 Stlth+}
HPRegen 0.27/turn    p - ring "Gudghaxa" {+Blink rPois rCorr Str+3 Dex+2}
MPRegen 0.50/turn

%: no teleportation
@: hasted, constricted, very quick
A: sickness immunity, AC +4, negative energy resistance 1, electricity
resistance, torment resistance 1, petrification resistance
a: Evoke Blink


You were in the Dungeon.
You visited 1 branch You collected 280 gold pieces.
You spent 135 gold pieces at shops.

Inventory:

Hand Weapons
 a - a +0 trident (weapon)
 j - a +5 battleaxe
Missiles
 d - 3 throwing nets (quivered)
 e - a javelin
Armour
 b - a +0 leather armour (worn)
 c - a +0 helmet (worn)
Jewellery
 p - the ring "Gudghaxa" (right hand) {+Blink rPois rCorr Str+3 Dex+2}
   (You bought it in a shop in the Dungeon)

   [ring of resist corrosion]

   Str+3:     It affects your strength (+3).
   Dex+2:     It affects your dexterity (+2).
   rPois:     It protects you from poison +Blink: It lets you blink.
   rCorr:     It protects you from acid and corrosion.
 q - the amulet "Zad Qen" (around neck) {RegenMP rCorr Dex+3}
   (You bought it in a shop in the Dungeon)

   [amulet of magic regeneration]

   RegenMP:   It increases your rate of magic regeneration.
   Dex+3:     It affects your dexterity (+3).
   rCorr:     It protects you from acid and corrosion.
 r - the ring of the Skies Above (left hand) {rF+ Will+ Int+6 Stlth+}
   (You bought it in a shop in the Dungeon)

   [ring of intelligence]

   Int+6:     It affects your intelligence (+6).
   rF+:       It protects you from fire.
   Will+:     It increases your willpower.
   Stlth+:    It makes you more stealthy.
Wands
 m - a wand of acid (5)
 n - a wand of roots (5)
Scrolls
 k - 4 scrolls of blinking
 o - 3 scrolls of fog
Potions
 f - a potion of curing
 g - a potion of heal wounds
 h - 3 potions of haste
 i - 2 potions of magic
 l - a potion of resistance


   Skills:
 * Level 6.4 Fighting
 + Level 8.4 Polearms
 + Level 3.8 Throwing
 + Level 2.8 Armour
 + Level 6.5 Dodging
 + Level 1.1 Stealth


You had 5 spell levels left.
You didn't know any spells.
Your spell library was empty.

Dungeon Overview and Level Annotations

Branches:
Dungeon (1/1)

Altars:
Cheibriados
Dithmenos
Fedhas
Gozag
Kikubaaqudgha
Makhleb
Okawaru
Qazlal
Ru
Sif Muna
Trog
Uskayaw
Vehumet
Wu Jian
Xom
Yredelemnul
Zin
The Shining One
Lugonu

Shops:
D *[=??*?*:[((!!!!


Innate Abilities, Weirdness & Mutations

You are immune to sickness and miasma.
Your stone body is resilient. (AC +4)
You are immune to poison.
You resist negative energy. (rN+)
You are resistant to electric shocks. (rElec)
You are resistant to unholy torment.
You are immune to petrification.


Message History

You kill the water moccasin!
The naga barely misses you.
Your Fighting skill increases to level 6!
Your Polearms skill increases to level 8!
Your Stealth skill increases to level 1!
Unknown command.
You feel much better.
The naga hits you from afar with a +3 trident.
Unknown command.
You feel much better. The naga hits you but does no damage.
You feel yourself speed up. The naga spits poison at you.
The splash of poison misses you.
You barely miss the naga.
The naga is lightly wounded.
The naga hits you with a +3 trident! The naga barely misses you.
You closely miss the naga.
The naga is lightly wounded.
The naga hits you with a +3 trident. The naga grabs you.
The naga constricts you.
You hit the naga but do no damage.
The naga is lightly wounded.
You puncture the naga!
The naga is heavily wounded.
The naga hits you with a +3 trident!
* * * LOW HITPOINT WARNING * * *
The naga constricts you.
* * * LOW HITPOINT WARNING * * *
You closely miss the naga.
The naga is heavily wounded.
You completely miss the naga.
The naga is heavily wounded.
The naga barely misses you. The naga constricts you.
* * * LOW HITPOINT WARNING * * *
You barely miss the naga.
The naga is heavily wounded.
The naga hits you with a +3 trident.
* * * LOW HITPOINT WARNING * * *
The naga constricts you.
You die...

###.........###
#⌠†..........⌠#
###.8.........8.######
__......###......___∩##
....†.8.# #.8........∩###
........###.............#
.....###...###..........⌠
.....# #.<.# #..........⌠
.....###...###.†@.......⌠
........###......N......#
......8.# #.8........∩###
._..[...###.......__∩##
###.8.........8.######
#⌠...........⌠#
###.........###
#_......._# #........_#


You could see a naga.

Vanquished Creatures
  2 water moccasins (D)
  A phantom (D)
  A wight (D)
  An adder (D)
  An adder skeleton (D)
  2 bat zombies (D)
  4 ball pythons (D)
12 creatures vanquished.

Notes
Turn   | Place    | Note
-------+----------+-------------------------------------------
     0 | D        | rocky1 the Gargoyle Gladiator began the quest for the Orb.
     0 | D        | Reached XP level 1. HP: 12/12 MP: 1/1
     4 | D        | Found a stormy altar of Qazlal.
     4 | D        | Found a glowing silver altar of Zin.
     5 | D        | Found an ancient bone altar of Kikubaaqudgha.
     5 | D        | Found a shimmering altar of Xom.
     5 | D        | Round 1.
     6 | D        | Found a corrupted altar of Lugonu.
     7 | D        | Found Naabuwud's Timeless Talismans.
     7 | D        | Found Til Udokh's Identification Station.
     8 | D        | Found Ocia's Jewellery.
     8 | D        | Found Teigg's Advanced Armour.
    14 | D        | Found a glowing golden altar of the Shining One.
    16 | D        | Found a shimmering blue altar of Sif Muna.
    22 | D        | Reached skill level 3 in Polearms
    24 | D        | Found Ratwuaw's Premium Goods.
    25 | D        | Found Akhi's Miscellaneous Merchandise.
    25 | D        | Found Soott's Basic Armour.
    27 | D        | Found an opulent altar of Gozag.
    27 | D        | Found a shadowy altar of Dithmenos.
    27 | D        | Found a radiant altar of Vehumet.
    27 | D        | Found Umufitis's Weapon Rack.
    32 | D        | Noticed a wight
    35 | D        | Noticed a phantom
    37 | D        | Killed a wight
    38 | D        | Reached skill level 5 in Polearms
    38 | D        | Reached XP level 2. HP: 13/19 MP: 2/2
    38 | D        | Reached XP level 3. HP: 15/23 MP: 3/3
    47 | D        | Killed a phantom
    47 | D        | Arena points: 12 (+12) [x2]
    48 | D        | Reached skill level 6 in Polearms
    48 | D        | Reached skill level 1 in Armour
    48 | D        | Reached skill level 5 in Dodging
    48 | D        | Reached XP level 4. HP: 18/29 MP: 4/4
    48 | D        | Reached XP level 5. HP: 20/33 MP: 5/5
   109 | D        | Round 2.
   117 | D        | Found a blossoming altar of Fedhas.
   118 | D        | Found Xotz's Magic Scroll Shop.
   120 | D        | Found an ornate altar of the Wu Jian Council.
   120 | D        | Found a bloodstained altar of Trog.
   120 | D        | Found a burning altar of Makhleb.
   120 | D        | Found Aguj Ytt's Staff Store.
   122 | D        | Found Meacyez's Magic Scroll Shop.
   122 | D        | Found Esinasozess's Must-Have Magic.
   126 | D        | Found a hide-covered altar of Uskayaw.
   127 | D        | Found a snail-covered altar of Cheibriados.
   128 | D        | Found a sacrificial altar of Ru.
   131 | D        | Found Cyzxiq's Distillery.
   132 | D        | Found Ytimm's Distillery.
   132 | D        | Found Sorur's Bottled Wisdom.
   133 | D        | Found an iron altar of Okawaru.
   133 | D        | Found a basalt altar of Yredelemnul.
   133 | D        | Found Xoevougu's Do-It-Yourself Clinic.
   197 | D        | Noticed a water moccasin
   212 | D        | Killed a water moccasin
   213 | D        | Reached skill level 5 in Fighting
   213 | D        | Reached skill level 7 in Polearms
   213 | D        | Reached XP level 6. HP: 21/40 MP: 6/6
   245 | D        | Arena points: 54 (+42) [x3]
   293 | D        | Bought a coiled platinum ring for 45 gold pieces
   293 | D        | Identified the ring "Gudghaxa" {+Blink rPois rCorr Str+3
                  | Dex+2} (You bought it in a shop in the Dungeon)
   293 | D        | Bought a scintillating tin amulet for 45 gold pieces
   293 | D        | Identified the amulet "Zad Qen" {RegenMP rCorr Dex+3} (You
                  | bought it in a shop in the Dungeon)
   293 | D        | Bought a crude glass ring for 45 gold pieces
   293 | D        | Identified the ring of the Skies Above {rF+ Will+ Int+6
                  | Stlth+} (You bought it in a shop in the Dungeon)
   296 | D        | Round 3.
   324 | D        | Noticed a water moccasin
   327 | D        | Noticed a naga
   338 | D        | HP: 1/40 [naga/+3 trident (17)]
   339 | D        | Killed a water moccasin
   340 | D        | Reached skill level 8 in Polearms
   340 | D        | Reached skill level 1 in Stealth
   350 | D        | Constricted to death by a naga

Illustrated notes

Levels and vault maps discovered:
D:        arena_sprint

Skill      XL: |  1  2  3  4  5  6 |
---------------+-------------------+-----
Polearms       | 5 6 7 8 |  8.4
Fighting       | 3 4 5 6 |  6.4
Throwing       | 2 3 |  3.8
Dodging        | 4 5 6 |  6.5
Armour         | 1 2 |  2.8
Stealth        | 1 |  1.1

Action                     |  1- 3 |  4- 6 || total
---------------------------+-------+-------++-------
  Melee: Trident           |    17 |    37 ||    54
    Use: Potion            |     1 |     4 ||     5
 Armour: Leather armour    |    15 |    27 ||    42
  Dodge: Dodged            |    21 |    21 ||    42

Table legend: (Time is in decaauts)
 A = Elapsed time spent in this place.
 B = Non-inter-level travel time spent in this place.
 C = Inter-level travel time spent in this place.
 D = Time resting spent in this place.
 E = Time spent auto-exploring this place.
 F = Levels seen in this place.
 G = Mean time per level.
                   A        B        C        D        E       F      G
               +--------+--------+--------+--------+--------+-----+--------+
         Total |    353 |    353 |      0 |    100 |      0 |   1 |  353.0 |
       Dungeon |    353 |    353 |      0 |    100 |      0 |   1 |  353.0 |
               +--------+--------+--------+--------+--------+-----+--------+

Top non-repeatable levels by time:
       D: 353 daAuts
